 Dungeon Crawl Stone Soup version 0.28-a0-1184-g53156a8862 (console) character file.

Game seed: 12867419738949459588

37 jejorda2 the Cudgeller (level 3, -12/49 HPs)
             Began as a Draconian Berserker on Dec 18, 2021.
             Was a Believer of Trog.
             Mangled by a goblin (20 damage)
             ... led by Robin
             ... on level 2 of the Dungeon.
             The game lasted 00:02:44 (1405 turns).

jejorda2 the Cudgeller (Draconian Berserker)        Turns: 1405, Time: 00:02:46

Health: -12/49     AC:  5    Str: 19    XL:     3   Next: 21%
Magic:  3/3        EV: 12    Int:  7    God:    Trog [**....]
Gold:   70         SH:  0    Dex: 12    Spells: 2/2 levels left

rFire   . . .      SeeInvis .   a - +2 whip (elec)
rCold   . . .      Faith    .   (no shield)
rNeg    . . .      Spirit   .   (armour unavailable)
rPois   .          Reflect  .   (helmet restricted)
rElec   .          Harm     .   (no cloak)
rCorr   .          Rampage  .   (no gloves)
Will    .....                   (no boots)
Stlth   ..........              (no amulet)
HPRegen 0.16/turn               (no ring)
MPRegen 0.08/turn               (no ring)

@: berserking, very quick
A: AC +5, unfitting armour, cold-blooded
a: Renounce Religion, Berserk, Trog's Hand


You were on level 2 of the Dungeon.
You worshipped Trog.
Trog was pleased with you.
You visited 1 branch of the dungeon, and saw 2 of its levels.

You collected 70 gold pieces.

Inventory:

Hand Weapons
 a - a +2 whip of electrocution (weapon)
 i - a +0 mace
Missiles
 c - 52 stones
 d - a throwing net
 e - 9 poisoned darts
Scrolls
 b - 2 scrolls of identify {unknown}
 g - a scroll of enchant armour {unknown}
 h - a scroll of acquirement {unknown}
Potions
 f - a potion of cancellation {unknown}


   Skills:
 + Level 3.7 Fighting
 * Level 3.7 Maces & Flails
 + Level 3.0 Dodging


You had 2 spell levels left.
You didn't know any spells.
Your spell library was empty.

Dungeon Overview and Level Annotations

Branches:
Dungeon (2/15)

Altars:

Annotations:
D:2 Robin


Innate Abilities, Weirdness & Mutations

Your plain brown scales are hard. (AC +5)
You cannot fit into any form of body armour.
You are cold-blooded and may be slowed by cold attacks.


Message History

The goblin closely misses you.
You hit the goblin.
You kill the goblin!
Trog accepts your kill.
You hit the goblin. Lightning courses through the goblin!!
You kill the goblin!
Trog accepts your kill.
Robin throws the goblin at you! 3 goblins come into view.
The goblin shouts! x4; You hear a shout!
A hobgoblin comes into view.
A goblin comes into view. It is wielding a +0 dagger.
Robin's horned helmet rattles.
Robin throws the goblin at you! The dart slug misses you.
The goblin unwields a +0 hunting sling.
The goblin wields a +0 club.
The goblin barely misses you.
The goblin hits you with a +1 dagger of electrocution.
You are electrocuted!
Items here: ( ))) ††.
A red film seems to cover your vision as you go berserk!
You feel yourself moving faster!
You feel mighty! The goblin barely misses you.
Robin roars a battlecry!
The goblins go into a battle-frenzy!
The goblin hits you but does no damage. The dart slug bites you.
* * * LOW HITPOINT WARNING * * *
The goblin hits you with a +1 dagger of electrocution.
* * * LOW HITPOINT WARNING * * *
You whack the goblin!
You kill the goblin!
Trog accepts your kill. Robin throws the goblin at you!
* * * LOW HITPOINT WARNING * * *
The goblin hits you but does no damage. x2
You barely miss the goblin. You tail-slap the goblin.
You kill the goblin!
Trog accepts your kill.
The goblin hits you with a +1 dagger of electrocution.
* * * LOW HITPOINT WARNING * * *
You are electrocuted!!
You die...

#..#..##### ###
#..#..#.... #..
#..#..#.### #$#
#..#..#.# # # #.#
#..#..#.### #.#g#.#
#..#.......
#.#..g#.######..#....###
...gggwgg..........>## #
#@##.............. #.
#)##.P....###.#### #..
#.##....P## #.#
#.##.##.....# #.#
##..#.##.##..# #.#
#.....##.###.# #.#
#.#..........#
##.....##### #.....#


You could see Robin, a dart slug, 2 hobgoblins and 4 goblins.

Vanquished Creatures
  6 ball pythons (D:1)
  3 bats (D:1)
  An endoplasm (D:1)
  2 giant cockroaches (D:1)
  7 goblins
  A hobgoblin (D:1)
  2 quokkas (D:1)
  2 frilled lizards (D:1)
  3 kobolds (D:1)
  9 rats
36 creatures vanquished.

Vanquished Creatures (others)
  A plant (D:1)
  A withered plant (D:2)
2 creatures vanquished.

Grand Total: 38 creatures vanquished

Notes
Turn   | Place    | Note
-------+----------+-------------------------------------------
     0 | D:1      | jejorda2 the Draconian Berserker began the quest for the
                  | Orb.
     0 | D:1      | Reached XP level 1. HP: 19/19 MP: 1/1
   227 | D:1      | Reached XP level 2. HP: 20/26 MP: 2/2
   690 | D:1      | Reached ** piety under Trog
   959 | D:1      | Found a faded altar of an unknown god.
   977 | D:1      | Reached XP level 3. HP: 30/31 MP: 3/3
  1392 | D:2      | Noticed Robin
  1405 | D:2      | Mangled by a goblin

Illustrated notes

Levels and vault maps discovered:
D:1:      dpeg_arrival_ratfight, layout_basic,
          dreamdust_ecumenical_altar_statues, chequers_decorated_corner,
          minmay_misc_feat_diagonals, hangedman_glass_garden,
          minmay_pentomino_p2
D:2:      layout_basic, serial_undead, serial_undead_e, serial_undead_f,
          serial_undead_b, serial_undead_b, basic_altar, uniq_robin

Skill      XL: |  1  2 |
---------------+-------+-----
Dodging        | 3 |  3.0
Fighting       | |  3.7
Maces & Flails | |  3.7

Action                   || total
-------------------------++-------
Melee: Mace              ||    76
       Tailslap          ||    11
       Whip              ||     7
Invok: Berserk           ||     1
 Stab: Sleeping          ||     2
Armor: Skin              ||    31
Dodge: Dodged            ||    67

Table legend: (Time is in decaauts)
 A = Elapsed time spent in this place.
 B = Non-inter-level travel time spent in this place.
 C = Inter-level travel time spent in this place.
 D = Time resting spent in this place.
 E = Time spent auto-exploring this place.
 F = Levels seen in this place.
 G = Mean time per level.
                   A        B        C        D        E       F      G
               +--------+--------+--------+--------+--------+-----+--------+
         Total |   1420 |   1359 |     61 |      0 |   1133 |   2 |  710.0 |
       Dungeon |   1420 |   1359 |     61 |      0 |   1133 |   2 |  710.0 |
               +--------+--------+--------+--------+--------+-----+--------+

Top non-repeatable levels by time:
     D:1: 1354 daAuts
     D:2: 66 daAuts
